 Dungeon Crawl Stone Soup version 0.29-a0-559-g359e09b9d1 (webtiles) character file.

Game seed: 9383290504484149040

51376 Gargoyl the Blocker (level 14, -12/88 HPs)
             Began as a Gargoyle Berserker on June 10, 2022.
             Was a High Priest of Trog.
             Mangled by a white very ugly thing (44 damage)
             ... on level 1 of the Abyss.
             The game lasted 00:22:43 (20309 turns).

Gargoyl the Blocker (Gargoyle Berserker)           Turns: 20309, Time: 00:22:43

Health: -12/88     AC: 25    Str: 22    XL:     14   Next: 59%
Magic:  24/24      EV: 13    Int: 13    God:    Trog [*****.]
Gold:   1140       SH: 17    Dex: 13    Spells: 13/13 levels left

rFire   + . .      SeeInvis +   y - +4 falchion (holy)
rCold   . . .      Faith    .   l - +0 kite shield
rNeg    + . .      Spirit   .   r - +4 ring mail
rPois   ∞          Reflect  +   A - +3 hat of Pondering {ponderous, Will+ MP+10 Int+5}
rElec   +          Harm     .   (no cloak)
rCorr   .          Rampage  .   d - +0 pair of gloves
Will    ++++.                   (no boots)
Stlth   ++........              g - amulet of reflection
HPRegen 1.24/turn               n - ring of see invisible
MPRegen 0.19/turn               K - ring of protection from fire

@: strong-willed, flying, regenerating, slow
A: sickness immunity, AC +10, big wings, negative energy resistance 1,
electricity resistance, torment resistance 1, petrification resistance
a: Renounce Religion, Berserk, Trog's Hand, Brothers in Arms


You were on level 1 of the Abyss.
You worshipped Trog.
Trog was extremely pleased with you.
You visited 2 branches of the dungeon, and saw 15 of its levels.
You visited the Abyss 1 time.

You collected 1263 gold pieces.
You spent 123 gold pieces at shops.

Inventory:

Hand Weapons
 i - a +2 war axe of electrocution
 t - the +10 morningstar of Annihilation {freeze, Dex+6}
   (You took it off an orc on level 7 of the Dungeon)

   It freezes those it strikes, dealing additional cold damage.
   It can also slow down cold-blooded creatures.
   Dex:       It affects your dexterity (+6).
 y - a +4 falchion of holy wrath (weapon)
 G - a +1 broad axe of flaming
Missiles
 s - 27 poisoned darts (quivered)
 v - 7 curare-tipped darts
 H - a throwing net
Armour
 d - a +0 pair of gloves (worn)
 l - a +0 kite shield (worn)
 r - a +4 ring mail (worn)
 A - the +3 hat of Pondering (worn) {ponderous, Will+ MP+10 Int+5}
   (You took it off Gastronok on level 8 of the Dungeon)

   Int:       It affects your intelligence (+5).
   MP:        It affects your magic capacity (+10).
   Will:      It increases your willpower.
Jewellery
 f - a ring of protection from cold
 g - an amulet of reflection (around neck)
 n - a ring of see invisible (left hand)
 w - a ring of resist corrosion
 E - an amulet of regeneration
 K - a ring of protection from fire (right hand)
Wands
 b - a wand of paralysis (11)
 m - a wand of iceblast (18)
 q - a wand of acid (3)
 u - a wand of polymorph (15)
 x - a wand of flame (25)
 F - a wand of mindburst (2)
 I - a wand of digging (4)
Scrolls
 h - 3 scrolls of fog
 j - 2 scrolls of teleportation
 p - a scroll of silence
 z - 3 scrolls of blinking
 B - a scroll of fear
 J - 6 scrolls of identify
 O - a scroll of enchant weapon
Potions
 a - a potion of lignification {unknown}
 c - 4 potions of cancellation
 e - 4 potions of ambrosia
 k - 2 potions of magic
 o - 11 potions of curing
 C - 3 potions of flight {unknown}
 D - a potion of heal wounds
 L - 2 potions of experience {unknown}
 M - 2 potions of might
 N - a potion of mutation {unknown}
 P - a potion of haste {unknown}


   Skills:
 + Level 10.9 Fighting
 + Level 1.5(1.6) Short Blades
 + Level 0.8(1.3) Long Blades
 + Level 9.9(11.8) Axes
 + Level 11.3(13.1) Maces & Flails
 + Level 1.3 Throwing
 + Level 9.3 Armour
 + Level 8.1 Dodging
 + Level 5.3 Stealth
 - Level 13.0 Shields
 + Level 0.1 Evocations


You had 13 spell levels left.
You didn't know any spells.
Your spell library was empty.

Dungeon Overview and Level Annotations

Branches:
Dungeon (9/15)               Lair (6/6) D:9          Shoals (0/4) Lair:2
 Spider (0/4) Lair:2        Slime (0/5) Lair:6
 Temple: D:4-7          Orc: D:9-12

Altars:
Ashenzari
Cheibriados
Elyvilon
Gozag
Hepliaklqana
Uskayaw
Vehumet
Wu Jian
Xom
Zin
The Shining One
Jiyva
Lugonu

Shops:
D:4 *   D:6 =   D:8 [   D:9 *

Portals:
Abyss: Lair:6


Innate Abilities, Weirdness & Mutations

You are immune to sickness and miasma.
Your stone body is resilient. (AC +10)
You are immune to poison.
Your large and strong wings let you fly.
You resist negative energy. (rN+)
You are resistant to electric shocks. (rElec)
You are resistant to unholy torment.
You are immune to petrification.


Message History

You hit the ancient zyme.
The ancient zyme is almost destroyed.
The ancient zyme hits you but does no damage.
You block the ancient zyme's attack. The ancient zyme closely misses you.
You block the ancient zyme's attack.
Unknown command.
You barely miss the ancient zyme.
The ancient zyme is almost destroyed.
You are suddenly pulled into a different region of the Abyss!
Found a corrupted altar of Lugonu and a blossoming altar of Fedhas.
Unknown command.
A white very ugly thing comes into view.
The white very ugly thing gurgles horribly!
The white very ugly thing barely misses you.
The white very ugly thing attacks as you move away!
You block the white very ugly thing's attack.
The white very ugly thing attacks as you move away!
The white very ugly thing stings you but does no damage.
You slash the white very ugly thing!
The white very ugly thing is lightly wounded.
You block the white very ugly thing's attack.
You slash the white very ugly thing!
The white very ugly thing is moderately wounded.
You block the white very ugly thing's attack. x2
You barely miss the white very ugly thing.
The white very ugly thing is lightly wounded.
The white very ugly thing stings you.
The white very ugly thing freezes you!!!
Ouch! That really hurt!
* * * LOW HITPOINT WARNING * * *
You hit the white very ugly thing but do no damage.
The white very ugly thing is lightly wounded.
You block the white very ugly thing's attack.
Your skin crawls.
You feel strong-willed.
You block the white very ugly thing's attack.
You feel much better. The white very ugly thing stings you!
The white very ugly thing freezes you!!!
Ouch! That really hurt!
You die...

♣#...#.......#
#♣....#.......#
♣#.....#......♣#
♣......###'''###
♣..............#
............#...
......_.........
♣...u@.......
♣............
♣♣♣............
♣..............
♣.#............
♣..............
♣...........#..
♣...#..........
♣♣♣....... ..#


You could see a white very ugly thing.

Vanquished Creatures
  Gastronok (D:8)
  The ghost of lurch the Thaumaturge, a journeyman OpTm of Gozag (Lair:6)
  Snorg (Lair:5)
  Harold (Lair:1)
  8 hydras
  2 catoblepae
  A boulder beetle (Lair:4)
  A centaur warrior (D:8)
  Erica (D:8)
  A two-headed ogre (D:9)
  A death yak (Lair:4)
  3 thrashing horrors (Lair:6)
  Amaemon (Lair:1)
  The ghost of Troll the Protected, a novice MiGl of Okawaru (D:7)
  The ghost of Heedrag the Chopper, a novice MiFi (D:6)
  A deep elf pyromancer (D:7)
  A manticore (Lair:2)
  2 elephants (Lair:2)
  Maurice (D:9)
  A smoke demon (Lair:6)
  Joseph (D:8)
  23 cane toads
  4 black mambas
  2 large abominations (Lair:6)
  Maggie (D:8)
  An orange demon (Lair:1)
  Psyche (D:8)
  3 rime drakes
  10 komodo dragons
  2 ancient zymes (Lair:6)
  A kobold demonologist (D:7)
  A wind drake (Lair:2)
  A polar bear (Lair:2)
  A meliai (Lair:2)
  A hornet (D:6)
  17 blink frogs
  2 dream sheep (Lair:4)
  9 small abominations (Lair:6)
  2 spriggans (Lair:6)
  2 ynoxinuls (Lair:6)
  4 wyverns
  2 steam dragons (D:9)
  23 yaks
  6 basilisks (Lair:6)
  4 chaos spawn (Lair:6)
  Grum (D:9)
  17 water moccasins
  An orc warrior (D:6)
  2 ice beasts (D:7)
  3 ogres (D:6)
  4 black bears
  2 centaurs
  4 phantoms
  14 wolves
  10 kobold brigands
  20 bullfrogs
  A gnoll sergeant (D:6)
  2 necrophages (D:7)
  3 scorpions
  7 wights
  9 killer bees
  2 electric eels
  3 howler monkeys
  6 jellies
  5 orc priests
  3 hounds
  An iguana (D:4)
  3 orc wizards
  A hell rat (Lair:4)
  4 gnolls (D:6)
  5 adders
  A shadow imp (D:6)
  3 white imps
  An ufetubus (D:6)
  A worm (D:2)
  3 dart slugs
  36 orcs
  A bat (D:2)
  An endoplasm (D:2)
  2 giant cockroaches
  7 goblins
  2 hobgoblins
  4 quokkas
  6 ball pythons
  A frilled lizard (D:3)
  16 kobolds
  2 rats (D:3)
375 creatures vanquished.

Vanquished Creatures (collateral kills)
  A komodo dragon (Lair:6)
  5 wolves (Lair:6)
6 creatures vanquished.

Vanquished Creatures (others)
  9 fungi
  15 plants
24 creatures vanquished.

Grand Total: 405 creatures vanquished

Notes
Turn   | Place    | Note
-------+----------+-------------------------------------------
     0 | D:1      | Gargoyl the Gargoyle Berserker began the quest for the Orb.
     0 | D:1      | Reached XP level 1. HP: 14/14 MP: 1/1
   805 | D:1      | Reached XP level 2. HP: 19/19 MP: 2/2
   874 | D:1      | You fall into a shaft and drop 1 floor!
  1030 | D:2      | Found a faded altar of an unknown god.
  1526 | D:2      | Reached XP level 3. HP: 24/24 MP: 3/3
  2279 | D:3      | Noticed a phantom
  2297 | D:3      | Killed a phantom
  2298 | D:3      | Reached XP level 4. HP: 29/29 MP: 4/4
  2628 | D:3      | Reached XP level 5. HP: 33/33 MP: 5/5
  2873 | D:4      | Found Zonay's General Store.
  2886 | D:4      | Reached ** piety under Trog
  3020 | D:4      | Bought a potion of heal wounds for 65 gold pieces
  3020 | D:4      | Bought a +0 pair of gloves for 58 gold pieces
  3077 | D:4      | Reached skill level 1 in Short Blades
  3077 | D:4      | Reached XP level 6. HP: 34/39 MP: 6/6
  3099 | D:4      | Noticed a black bear
  3111 | D:4      | Killed a black bear
  3145 | D:4      | Reached skill level 1 in Stealth
  3370 | D:4      | Found a shimmering altar of Xom.
  3371 | D:4      | Found a hazy altar of Hepliaklqana.
  3372 | D:4      | Noticed a spectral ugly thing
  3722 | D:5      | Entered Level 5 of the Dungeon
  3735 | D:5      | Reached XP level 7. HP: 44/44 MP: 7/7
  3871 | D:5      | Reached skill level 5 in Fighting
  3871 | D:5      | Reached skill level 1 in Shields
  4183 | D:5      | Found an opulent altar of Gozag.
  4196 | D:5      | Reached skill level 5 in Axes
  4447 | D:5      | Found a broken altar of Ashenzari.
  4809 | D:5      | Found a white marble altar of Elyvilon.
  4812 | D:5      | Found a glowing silver altar of Zin.
  4815 | D:5      | Found a glowing golden altar of the Shining One.
  4898 | D:5      | Noticed a +0 dagger
  4899 | D:5      | Noticed a +0 falchion
  4899 | D:5      | Noticed a +0 falchion
  4899 | D:5      | Noticed a +0 dagger
  4899 | D:5      | Noticed a +0 spear
  4899 | D:5      | Noticed a +0 spear
  4899 | D:5      | Noticed a +0 short sword
  4899 | D:5      | Noticed a +0 short sword
  4910 | D:5      | Found a hide-covered altar of Uskayaw.
  5198 | D:6      | Reached XP level 8. HP: 40/49 MP: 8/8
  5294 | D:6      | Reached skill level 2 in Shields
  5298 | D:6      | Reached skill level 5 in Armour
  5325 | D:6      | Found a transporter.
  5330 | D:6      | Found a transporter.
  5348 | D:6      | Noticed Heedrag's ghost (novice MiFi)
  5355 | D:6      | Noticed a hornet
  5669 | D:6      | Killed Heedrag's ghost
  5670 | D:6      | Reached skill level 4 in Shields
  5670 | D:6      | Reached XP level 9. HP: 27/55 MP: 9/9
  5690 | D:6      | Killed a hornet
  5865 | D:6      | Reached skill level 5 in Shields
  6102 | D:6      | Found Edic's Jewellery Shoppe.
  6455 | D:7      | Identified the +10 morningstar of Annihilation {freeze,
                  | Dex+6}
  6925 | D:7      | Reached *** piety under Trog
  6966 | D:7      | Reached skill level 1 in Maces & Flails
  7026 | D:7      | Reached skill level 6 in Shields
  7026 | D:7      | Reached XP level 10. HP: 48/61 MP: 10/10
  7331 | D:7      | Found a runed translucent door.
  7334 | D:7      | Noticed Troll's ghost (novice MiGl)
  7334 | D:7      | Noticed a deep elf pyromancer
  7358 | D:7      | Killed Troll's ghost
  7374 | D:7      | Killed a deep elf pyromancer
  7722 | D:8      | Noticed Erica
  7752 | D:8      | Killed Erica
  7804 | D:8      | Noticed a two-headed ogre
  7810 | D:8      | a two-headed ogre changed into a scorpion
  7815 | D:8      | Reached skill level 5 in Maces & Flails
  7824 | D:8      | Noticed Gastronok
  7825 | D:8      | Noticed Maggie
  7927 | D:8      | Noticed a centaur warrior
  7943 | D:8      | Noticed a kobold demonologist
  7946 | D:8      | Noticed a smoke demon
  8127 | D:7      | Noticed a soul eater
  8128 | D:7      | Killed a kobold demonologist
  8212 | D:7      | Reached skill level 5 in Dodging
  8227 | D:7      | Reached skill level 1 in Throwing
  8292 | D:8      | Killed a centaur warrior
  8293 | D:8      | Reached skill level 7 in Shields
  8293 | D:8      | Reached XP level 11. HP: 56/67 MP: 11/11
  8366 | D:8      | Noticed Psyche
  8367 | D:8      | Found Afupane's Antique Armour Shoppe.
  8379 | D:8      | Killed Psyche
  8496 | D:8      | Reached skill level 8 in Shields
  8545 | D:8      | Killed Maggie
  8574 | D:8      | Noticed Joseph
  8584 | D:8      | Killed Joseph
  8596 | D:8      | Killed Gastronok
  8976 | D:9      | Noticed Maurice
  8987 | D:9      | Killed Maurice
  8993 | D:9      | Noticed a catoblepas
  9004 | D:9      | Killed a catoblepas
  9036 | D:9      | Found a staircase to the Lair.
  9053 | D:9      | Noticed Grum
  9069 | D:9      | Killed Grum
  9329 | D:9      | Found a snail-covered altar of Cheibriados.
  9336 | D:9      | Reached **** piety under Trog
  9447 | D:9      | Noticed a two-headed ogre
  9451 | D:9      | Killed a two-headed ogre
  9460 | D:9      | Reached skill level 9 in Shields
  9589 | D:9      | Found Wuegeill's Demolitions Depot.
  9672 | D:9      | Found a radiant altar of Vehumet.
  9715 | D:9      | Found an ornate altar of the Wu Jian Council.
  9987 | Lair:1   | Entered Level 1 of the Lair of Beasts
 10061 | Lair:1   | Noticed Amaemon
 10087 | Lair:1   | Killed Amaemon
 10088 | Lair:1   | Reached XP level 12. HP: 66/74 MP: 12/12
 10196 | Lair:1   | You fall into a shaft and drop 1 floor!
 10203 | Lair:2   | Found a hole to the Spider Nest.
 10765 | Lair:1   | Noticed Harold
 10783 | Lair:1   | Killed Harold
 10804 | Lair:1   | Reached skill level 10 in Shields
 11228 | Lair:1   | Identified the +7 quarterstaff "Raimatwi" {flame, *Noise
                  | rElec rC+}
 11762 | Lair:2   | Found a staircase to the Shoals.
 13282 | Lair:3   | Reached XP level 13. HP: 80/80 MP: 13/13
 13350 | Lair:3   | Reached skill level 11 in Shields
 13857 | Lair:3   | Reached ***** piety under Trog
 14358 | Lair:4   | Identified a scroll of acquirement
 14358 | Lair:4   | Acquired a +1 broad axe of flaming
 15814 | Lair:4   | Reached skill level 5 in Stealth
 16243 | Lair:5   | Noticed Snorg
 16256 | Lair:5   | Killed Snorg
 16814 | Lair:5   | Reached skill level 10 in Fighting
 16821 | Lair:5   | Received a gift from Trog
 17218 | Lair:5   | Reached skill level 10 in Maces & Flails
 17218 | Lair:5   | Reached skill level 12 in Shields
 17761 | Lair:6   | Entered Level 6 of the Lair of Beasts
 17909 | Lair:6   | Found a runed translucent gate.
 17909 | Lair:6   | Found a runed translucent gate.
 17909 | Lair:6   | Found a runed translucent gate.
 17910 | Lair:6   | Noticed lurch's ghost (journeyman OpTm)
 17942 | Lair:6   | Killed lurch's ghost
 17943 | Lair:6   | Gained mutation: Your large and strong wings let you fly.
                  | [Gargoyle growth]
 17943 | Lair:6   | Reached XP level 14. HP: 88/88 MP: 14/14
 18643 | Lair:6   | Found a runed translucent door.
 18652 | Lair:6   | Found a viscous altar of Jiyva.
 18658 | Lair:6   | Found a staircase to the Slime Pits.
 19860 | Lair:6   | Reached skill level 13 in Shields
 19873 | Lair:6   | HP: 3/88 [large abomination (12)]
 19890 | Lair:6   | HP: 4/88 [ynoxinul/iron shot (22)]
 20152 | Lair:6   | Found a corrupted altar of Lugonu.
 20152 | Lair:6   | Found a one-way gate to the infinite horrors of the Abyss.
 20177 | Lair:6   | Voluntarily entered the Abyss.
 20212 | Abyss:1  | Noticed a daeva
 20290 | Abyss:1  | Found a corrupted altar of Lugonu.
 20290 | Abyss:1  | Found a blossoming altar of Fedhas.
 20299 | Abyss:1  | Noticed a white very ugly thing
 20309 | Abyss:1  | Mangled by a white very ugly thing

Illustrated notes

Levels and vault maps discovered:
D:1:      amcnicky_arrival_double_pillar, layout_basic,
          minmay_misc_feat_more_columns, ebering_dispersal_statue_hall
D:2:      layout_loops_ring, ebering_ecumenical_altar_mist
D:3:      layout_basic
D:4:      layout_basic, regret_index_temple_of_mockery, serial_shops,
          nicolae_shop_trees
D:5:      layout_loops_ring, good_gods_temple_1, nicolae_uskayaw_en_pointe,
          grunt_gozag_statues, nicolae_ashenzari_skybound,
          minmay_temple_entry_from_below_a
D:6:      layout_loops_ring, gammafunk_ghost_hive, serial_shops, shop,
          lightli_minifort
D:7:      kennysheep_six_static_rooms, layout_loops_cross,
          ebering_ghost_inner_flame
D:8:      layout_gridville, special_room [special_room_kobold], serial_shops,
          nicolae_stop_n_shop_2, uniq_psyche, uniq_joseph, uniq_maggie,
          uniq_erica, uniq_gastronok
D:9:      layout_cave_pools, mainiacjoe_overflow_boulevard,
          mainiacjoe_overflow_catwalk, nicolae_wu_jian_immortal_techniques,
          lair_entry_dummy, grunt_ministairs_9, nicolae_blasting_shop,
          minmay_crystal_water, uniq_grum, uniq_maurice
Lair:1:   layout_cave_pods, beast_lair_carwin_10, grunt_megastairs_2,
          uniq_amaemon, uniq_harold
Lair:2:   nzn_winding_woodlands_three_and_one
          [nzn_winding_woodlands_5x15_garden,
          nzn_winding_woodlands_5x15_sidewinder,
          nzn_winding_woodlands_5x15_twine,
          nzn_winding_woodlands_center_pierced_h], layout_cave_pods,
          minmay_shoals_entry_beasts, hellmonk_spider_entry_not_the_bees,
          chequers_serial_rivers_small_3
Lair:3:   layout_roguey
Lair:4:   layout_cave_pods, minmay_shattered_shrine
Lair:5:   cheibrodos_lair_river_kwai, layout_cave_pods,
          kennysheep_catoblepas_arena, uniq_snorg
Lair:6:   hellmonk_lair_end_abyssal_woods, layout_hall_layers, slime_altar_2,
          ebering_ghost_rock_garden, nicolae_lair_lil_pond
Abyss:1:  base:
Lair:6

Skill      XL: |  1  2  3  4  5  6  7  8  9 10 11 12 13 14 |
---------------+-------------------------------------------+-----
Axes           | 3 4 5 6 7 8 9 |  9.9
Fighting       | 4 5 6 7 8 9 10 | 10.9
Dodging        | 2 3 4 5 6 7 8 |  8.1
Short Blades   | 1 |  1.5
Armour         | 3 4 5 6 7 8 9 |  9.3
Stealth        | 1 3 4 5 |  5.3
Shields        | 1 4 6 7 9 10 12 13 | 13.0
Maces & Flails | 1 6 8 9 10 11 | 11.3
Throwing       | 1 |  1.3
Long Blades    | |  0.8
Evocations     | |  0.1

Action                   |  1- 3 |  4- 6 |  7- 9 | 10-12 | 13-15 || total
-------------------------+-------+-------+-------+-------+-------++-------
Melee: Hand axe          |    83 |    77 |   302 |    12 |       ||   474
       Short sword       |    23 |    15 |       |       |       ||    38
       Punch             |       |     2 |       |       |       ||     2
       Morningstar       |       |       |    26 |   256 |   421 ||   703
       War axe           |       |       |       |   186 |    30 ||   216
       Broad axe         |       |       |       |       |    74 ||    74
       Scimitar          |       |       |       |       |     9 ||     9
       Falchion          |       |       |       |       |    35 ||    35
Throw: Dart              |       |       |       |     5 |     2 ||     7
Invok: Trog's Hand       |       |     1 |     5 |     8 |     3 ||    17
       Berserk           |       |       |     2 |     3 |       ||     5
Evoke: Wand              |       |       |     2 |     3 |       ||     5
  Use: Scroll            |     4 |     5 |     3 |     6 |     9 ||    27
       Potion            |       |       |     3 |     1 |     4 ||     8
 Stab: Paralysed         |       |       |    11 |       |       ||    11
       Sleeping          |       |       |     1 |     3 |     9 ||    13
Armor: Animal skin       |    25 |       |       |       |       ||    25
       Ring mail         |    25 |    55 |   139 |   244 |   262 ||   725
Dodge: Dodged            |    73 |    46 |   150 |   258 |   330 ||   857
Block: Other             |       |    24 |       |       |       ||    24
       Buckler           |       |       |    64 |       |       ||    64
       Kite shield       |       |       |   147 |   579 |   670 ||  1396
       Reflection        |       |       |     1 |    12 |       ||    13

Table legend: (Time is in decaauts)
 A = Elapsed time spent in this place.
 B = Non-inter-level travel time spent in this place.
 C = Inter-level travel time spent in this place.
 D = Time resting spent in this place.
 E = Time spent auto-exploring this place.
 F = Levels seen in this place.
 G = Mean time per level.
                   A        B        C        D        E       F      G
               +--------+--------+--------+--------+--------+-----+--------+
         Total |  21149 |  20746 |    403 |   1152 |  15525 |  16 | 1321.8 |
       Dungeon |  10226 |   9991 |    235 |    486 |   7337 |   9 | 1136.2 |
          Lair |  10776 |  10609 |    167 |    666 |   8109 |   6 | 1796.0 |
         Abyss |    146 |    146 |      0 |      0 |     78 |   1 |  146.0 |
               +--------+--------+--------+--------+--------+-----+--------+

Top non-repeatable levels by time:
  Lair:6: 2313 daAuts
  Lair:2: 2026 daAuts
  Lair:4: 1944 daAuts
  Lair:5: 1840 daAuts
     D:7: 1586 daAuts
     D:5: 1434 daAuts
  Lair:1: 1363 daAuts
  Lair:3: 1289 daAuts
     D:6: 1280 daAuts
     D:8: 1099 daAuts
     D:1: 1094 daAuts
     D:9: 1081 daAuts
     D:2: 936 daAuts
     D:4: 874 daAuts
     D:3: 838 daAuts
